 Dungeon Crawl Stone Soup version 0.21-a0-582-g1b93aee (webtiles) character file.

44 Amnesiac the Shield-Bearer (level 3, 0/25 HPs)
             Began as a Halfling Fighter on Dec 19, 2017.
             Succumbed to an adder's poison
             ... on level 2 of the Dungeon.
             The game lasted 00:01:03 (881 turns).

Amnesiac the Shield-Bearer (Halfling Fighter)        Turns: 881, Time: 00:01:04

Health: 0/25       AC:  6    Str: 18    XL:     3   Next: 85%
Magic:  3/3        EV: 10    Int:  6    God:
Gold:   43         SH:  9    Dex: 13    Spells: 2/2 levels left

rFire    . . .     SeeInvis .   a - +0 rapier
rCold    . . .     Gourm    .   c - +0 shield
rNeg     . . .     Faith    .   b - +0 scale mail
rPois    .         Spirit   .   (no helmet)
rElec    .         Reflect  .   (no cloak)
rCorr    .         Harm     .   (no gloves)
MR       .....                  (no boots)
Stlth    ..........             (no amulet)
HPRegen  0.08/turn              (no ring)
MPRegen  0.08/turn              (no ring)

@: lethally poisoned (0 -> -8)
A: small, mutation resistance 1
a: no special abilities


You were on level 2 of the Dungeon.
You were not hungry.

You visited 1 branch of the dungeon, and saw 2 of its levels.

You collected 43 gold pieces.

Inventory:

Hand Weapons
 a - a +0 rapier (weapon)
Missiles
 h - 2 tomahawks (quivered)
Armour
 b - a +0 scale mail (worn)
 c - a +0 shield (worn)
Jewellery
 e - a cursed ring of loudness {unknown}
Potions
 d - a potion of might {!q}
Comestibles
 f - 2 rations
 g - 4 chunks of flesh


   Skills:
 - Level 2.6 Fighting
 - Level 3.0 Short Blades
 - Level 3.2 Armour
 * Level 3.0 Dodging
 - Level 3.2 Shields


You had 2 spell levels left.
You didn't know any spells.

Dungeon Overview and Level Annotations

Branches:
Dungeon (2/15)

Altars:


Innate Abilities, Weirdness & Mutations

You are small and have problems with some larger weapons.
You are somewhat resistant to further mutation.


Message History

The adder barely misses you.
You closely miss the adder.
The adder is heavily wounded.
You feel sick. The adder bites you but does no damage.
The adder closely misses you.
You closely miss the adder.
The adder is heavily wounded.
You feel sick. The adder bites you.
You are more poisoned.
The adder poisons you!
You barely miss the adder.
The adder is heavily wounded.
You feel sick. The adder bites you but does no damage.
You closely miss the adder.
The adder is heavily wounded.
You feel sick. You block the adder's attack. The adder bites you.
* * * LOW HITPOINT WARNING * * *
You hit the adder but do no damage.
The adder is heavily wounded.
* * * LOW HITPOINT WARNING * * *
You feel sick. The adder bites you.
* * * LOW HITPOINT WARNING * * *
Your shield and scale mail prevent you from hitting the adder.
The adder is heavily wounded.
* * * LOW HITPOINT WARNING * * *
You feel sick. The adder bites you.
* * * LOW HITPOINT WARNING * * *
You are more poisoned.
The adder poisons you! The adder barely misses you.
You hit the adder.
You kill the adder!
Your Dodging skill increases to level 3!
* * * LOW HITPOINT WARNING * * *
You feel sick.
No target in view!
No target in view!
No target in view!
Okay, then.
You aren't carrying any spellbooks or scrolls.
Unknown command.
* * * LOW HITPOINT WARNING * * *
You feel sick.
You see here an adder corpse.
You butcher the adder corpse.
* * * LOW HITPOINT WARNING * * *
You feel sick.
Things that are here:
a chunk of flesh; an adder skeleton
g - 4 chunks of flesh (gained 1)
* * * LOW HITPOINT WARNING * * *
You feel sick.
* * * LOW HITPOINT WARNING * * *
You feel sick.
* * * LOW HITPOINT WARNING * * *
You feel sick.
You see here a tomahawk.
h - a tomahawk
* * * LOW HITPOINT WARNING * * *
You feel sick.
You see here a tomahawk.
h - 2 tomahawks (gained 1)
* * * LOW HITPOINT WARNING * * *
You feel sick.
You die...

#########
#........ ##
#@#
....###.####
#........#
#####.##.#
#รท##<#
#....#
#.#### #.#
#..


There were no monsters in sight!

Vanquished Creatures
  An adder (D:2)
  2 oozes (D:1)
  A dart slug (D:1)
  3 goblins (D:1)
  4 hobgoblins (D:1)
  4 kobolds (D:1)
  4 bats (D:1)
  A frilled lizard (D:1)
  4 rats (D:1)
24 creatures vanquished.

Notes
Turn   | Place    | Note
-------+----------+-------------------------------------------
     0 | D:1      | Amnesiac the Halfling Fighter began the quest for the Orb.
     0 | D:1      | Reached XP level 1. HP: 15/15 MP: 1/1
   210 | D:1      | Reached skill level 1 in Dodging
   218 | D:1      | Reached XP level 2. HP: 20/20 MP: 2/2
   479 | D:1      | Reached XP level 3. HP: 23/25 MP: 3/3
   880 | D:2      | HP: 1/25 [poisoned by an adder]
   881 | D:2      | Succumbed to an adder's poison

Vault maps used:
D:1:      dpeg_arrival_rooms_a
D:2:      grunt_dithmenos_smoke_and_mirrors, solitary_fountain

Skill      XL: |  1  2  3 |
---------------+----------+-----
Dodging        | 1 2 3 |  3.0
Short Blades   | 3 |  3.0
Fighting       | |  2.6
Armour         | |  3.2
Shields        | |  3.2

Action                   || total
-------------------------++-------
Melee: Rapier            ||    73
Throw: Stone             ||    16
       Tomahawk          ||     7
Armor: Scale mail        ||    21
Dodge: Dodged            ||    25
Block: Shield            ||    31

Table legend:
 A = Spawn XP
 B = Non-spawn XP
 C = Spawn XP percentage of total XP
 D = Spawn monster count
 E = Non-spawn monster count
 F = Spawn count percentage of total count
 G = Total turns spent on level
                    A         B        C        D         E        F      G
               +---------+---------+-------+---------+---------+-------+---------
         Total |       0 |      63 |   0.0 |       0 |      24 |   0.0 |   881
               +---------+---------+-------+---------+---------+-------+---------
           D:1 |       0 |      49 |   0.0 |       0 |      23 |   0.0 |   853
           D:2 |       0 |      14 |   0.0 |       0 |       1 |   0.0 |    28
               +---------+---------+-------+---------+---------+-------+---------
